[ AOE2 MATCH · #505795589 ]
UnrankedMongols vs Tupi
Player's team · WIN
Rival team · LOSS
[ REPLAY ANALYSIS · EXTRACTED FROM THE RECORDED GAME ]
Feudal
8:40
Castle
—
Imperial
—
| APM avg | 45.5 |
| APM peak | 69 |
| eAPM avg | 19.0 |
| Villagers / military | 27 / 1 |
Focus
⚔️ 25.0% · 🌾 75.0%
Archer ×1
Feudal
—
Castle
—
Imperial
—
| APM avg | 77.5 |
| APM peak | 126 |
| eAPM avg | 31.0 |
| Villagers / military | 36 / 0 |
Focus
⚔️ 45.5% · 🌾 54.5%
Unknown (2550) ×7
Match map
Initial resources + every placement click. Lines = walls · curves = elevation contours. ◆ gold · ⬟ stone · ● berries · ✦ relic · ◌ wall gap
Your base
SVTT | Альпинист's base
Smoothed initial terrain · ◌ = detected wall gap · hover for details
Inputs per minute
— Z4Ge - - SVTT | Альпинист
Build order — Z4Ge
45 actions detected in the replay
| 0:01 | Create | Villager (Male) |
| 0:02 | Build | House |
| 0:02 | Build | House |
| 0:05 | Create | Villager (Male) |
| 0:06 | Create | Villager (Male) |
| 0:09 | Create | Villager (Male) |
| 1:17 | Build | House |
| 1:38 | Create | Villager (Male) |
| 1:39 | Create | Villager (Male) |
| 2:11 | Research | Loom |
| 2:29 | Create | Villager (Male) |
| 2:29 | Create | Villager (Male) |
| 2:46 | Create | Villager (Male) |
| 2:55 | Create | Villager (Male) |
| 3:26 | Build | Lumber Camp |
| 3:49 | Create | Villager (Male) |
| 4:04 | Create | Villager (Male) |
| 4:17 | Create | Villager (Male) |
| 4:17 | Create | Villager (Male) |
| 4:25 | Create | Villager (Male) |
| 4:41 | Create | Villager (Male) |
| 4:42 | Create | Villager (Male) |
| 5:33 | Create | Villager (Male) |
| 5:36 | Build | Mill |
| 5:45 | Create | Villager (Male) |
| 5:52 | Build | House |
| 5:54 | Build | Palisade Wall |
| 5:59 | Create | Villager (Male) |
| 6:13 | Create | Villager (Male) |
| 6:30 | Research | Feudal Age |
| 7:44 | Build | Barracks |
| 7:58 | Build | House |
| 7:59 | Build | House |
| 8:00 | Build | House |
| 8:03 | Create | Villager (Male) |
| 8:24 | Create | Villager (Male) |
| 8:40 | Age | Feudal Age |
| 8:54 | Build | Archery Range |
| 8:56 | Create | Villager (Male) |
| 9:30 | Create | Archer |
| 9:45 | Create | Villager (Male) |
| 9:56 | Build | Mining Camp |
| 10:03 | Create | Villager (Male) |
| 10:17 | Research | Double-Bit Axe |
| 10:33 | Create | Villager (Male) |
Build order — SVTT | Альпинист
54 actions detected in the replay
| 0:01 | Create | Villager (Male) |
| 0:01 | Create | Villager (Male) |
| 0:02 | Build | House |
| 0:02 | Create | Villager (Male) |
| 0:04 | Build | House |
| 0:06 | Create | Villager (Male) |
| 0:06 | Create | Villager (Male) |
| 0:23 | Build | Barracks |
| 1:04 | Research | Loom |
| 1:04 | Research | Loom |
| 1:14 | Create | Villager (Male) |
| 1:14 | Create | Villager (Male) |
| 1:39 | Create | Unit 2550 |
| 1:39 | Create | Unit 2550 |
| 2:50 | Create | Villager (Male) |
| 2:50 | Create | Villager (Male) |
| 2:50 | Create | Villager (Male) |
| 2:55 | Build | House |
| 3:10 | Create | Villager (Male) |
| 3:10 | Create | Villager (Male) |
| 3:10 | Create | Villager (Male) |
| 3:47 | Create | Villager (Male) |
| 3:48 | Create | Unit 2550 |
| 4:00 | Create | Villager (Male) |
| 4:00 | Create | Villager (Male) |
| 4:23 | Create | Unit 2550 |
| 4:24 | Create | Unit 2550 |
| 4:30 | Create | Villager (Male) |
| 4:30 | Create | Villager (Male) |
| 4:54 | Create | Villager (Male) |
| 5:12 | Create | Villager (Male) |
| 5:13 | Create | Villager (Male) |
| 5:13 | Create | Villager (Male) |
| 5:16 | Build | Settlement |
| 5:23 | Create | Villager (Male) |
| 5:23 | Create | Villager (Male) |
| 5:37 | Create | Unit 2550 |
| 5:37 | Create | Unit 2550 |
| 5:46 | Create | Villager (Male) |
| 6:03 | Create | Villager (Male) |
| 6:03 | Create | Villager (Male) |
| 6:03 | Create | Villager (Male) |
| 6:14 | Create | Villager (Male) |
| 6:54 | Create | Villager (Male) |
| 7:24 | Create | Villager (Male) |
| 7:26 | Create | Villager (Male) |
| 7:32 | Build | Settlement |
| 8:29 | Create | Villager (Male) |
| 8:39 | Build | Farm |
| 8:59 | Create | Villager (Male) |
| 9:16 | Create | Villager (Male) |
| 9:20 | Build | Farm |
| 9:45 | Build | Farm |
| 9:51 | Create | Villager (Male) |
Match timeline
| 0:23 | SVTT | Альпинист · first_building Barracks |
| 5:54 | Z4Ge · wall_segment Palisade Wall x1 |
| 7:44 | Z4Ge · first_building Barracks |
| 8:40 | Z4Ge · age_up feudal |
| 8:54 | Z4Ge · first_building Archery Range |
| 10:35 | SVTT | Альпинист · resign |
[ AI ANALYSIS · 1 CREDIT ]
What really happened in this match?
Wolo.gg analyzes every decision: build order, eco, micro, common mistakes by bracket. Personalized analysis on WhatsApp or Discord in 30 seconds.
Civ guide
Mongols
Perfil
Jugador #2388046